 Dungeon Crawl Stone Soup version 0.27.0-1-g7a089689b8 (webtiles) character file.

Game seed: 9947576312034989595

161 UberPyro the Skirmisher (level 5, -4/38 HPs)
             Began as an Octopode Monk on Aug 6, 2021.
             Succumbed to an orc wizard's poison
             ... on level 3 of the Dungeon.
             The game lasted 00:06:55 (2485 turns).

UberPyro the Skirmisher (Octopode Monk)             Turns: 2485, Time: 00:06:55

Health: -4/38      AC:  1    Str:  9    XL:     5   Next: 42%
Magic:  5/5        EV: 14    Int: 13    God:
Gold:   101        SH:  0    Dex: 14    Spells: 4/4 levels left

rFire    . . .     SeeInvis .     - Unarmed
rCold    . . .     Faith    .   (no shield)
rNeg     . . .     Spirit   .   (helmet restricted)
rPois    .         Reflect  .   (no amulet)
rElec    .         Harm     .   (no ring)
rCorr    .         Rampage  .   (no ring)
Will     .....                  (no ring)
Stlth    ++++......             (no ring)
HPRegen  0.12/turn              (no ring)
MPRegen  0.09/turn              (no ring)
                                (no ring)
                                (no ring)

@: lethally poisoned (-4 -> -43)
A: almost no armour, amphibious, 8 rings, camouflage 1, gelatinous body 1,
(nimble swimmer 1), tentacles, weak 1, evolution 1
a: no special abilities


You were on level 3 of the Dungeon.
You visited 1 branch of the dungeon, and saw 3 of its levels.

You collected 101 gold pieces.

Inventory:

Armour
 h - a +0 buckler
Wands
 f - a wand of mindburst (15)
Scrolls
 a - a scroll of magic mapping
 c - a scroll of torment {unknown}
 e - a scroll of enchant armour
 g - a scroll of silence {unknown}
 i - a scroll of amnesia {unknown}


   Skills:
 - Level 4.9 Fighting
 - Level 3.0 Dodging
 + Level 4.5 Stealth
 - Level 3.5 Unarmed Combat


You had 4 spell levels left.
You didn't know any spells.
Your spell library contained the following spells:

 Spells                   Type           Power      Damage    Failure   Level
 Corpse Rot               Necr/Air       N/A        N/A       43%         2
 Poisonous Vapours        Pois/Air       0%         N/A       43%         2
 Ozocubu's Armour         Ice            0%         N/A       67%         3
 Freezing Cloud           Conj/Ice/Air   0%         6-21      100%        5
 Ozocubu's Refrigeration  Ice            0%         4d5       100%        7


Dungeon Overview and Level Annotations

Branches:
Dungeon (3/15)

Altars:
Ru

Shops:
D:1 (


Innate Abilities, Weirdness & Mutations

You cannot wear most types of armour.
You are amphibious.
You can wear up to eight rings at the same time.
Your skin changes colour to match your surroundings (Stealth+).
Your rubbery body absorbs attacks. (AC +1, EV +1)
((You are camouflaged near water. (Stealth+)))
You have tentacles for arms and can constrict up to eight enemies at once.
You are weak. (Str -2)
You evolve.


Message History

You constrict the bat.
You kill the bat!
You tentacle-slap the orc wizard. You grab the orc wizard.
The orc wizard is lightly wounded.
You constrict the orc wizard, but do no damage.
The orc wizard hits you with a +0 dagger of venom.
You are poisoned.
You tentacle-slap the orc wizard but do no damage.
The orc wizard is lightly wounded.
You constrict the orc wizard, but do no damage.
You feel very sick.
The orc wizard hits you with a +0 dagger of venom.
You are more poisoned.
You tentacle-slap the orc wizard but do no damage.
The orc wizard is lightly wounded.
You constrict the orc wizard.
You feel very sick.
The orc wizard hits you with a +0 dagger of venom.
You are lethally poisoned!
You tentacle-slap the orc wizard but do no damage.
You squeeze the orc wizard.
The orc wizard is moderately wounded.
You constrict the orc wizard, but do no damage.
You feel very sick.
The orc wizard hits you with a +0 dagger of venom.
You are more poisoned.
You tentacle-slap the orc wizard but do no damage.
You squeeze the orc wizard.
The orc wizard is severely wounded.
You constrict the orc wizard.
* * * LOW HITPOINT WARNING * * *
You feel very sick.
The orc wizard hits you with a +0 dagger of venom.
* * * LOW HITPOINT WARNING * * *
You are more poisoned.
Unknown command.
As you read the scroll of summoning, it crumbles to dust.
Wisps of shadow whirl around you...
You constrict the orc wizard.
You kill the orc wizard!
You die...

#....# #....# #....#
#....############ +##
####'..)..........
#...#...#...##########
#...#...#.............
#...†...#...#########.
###._@###.............
#..Sg...#############.
#..g#.g.# #. #...#...#
#. +#######+ ##


You could see a hobgoblin (paralysed, asleep), a friendly adder (summoned), a
friendly hobgoblin (summoned) and a friendly goblin (summoned).

Vanquished Creatures
  An orc priest (D:3)
  A jelly (D:3)
  An orc wizard (D:3)
  3 adders
  2 worms (D:2)
  6 orcs (D:3)
  5 ball pythons
  3 bats
  4 endoplasms
  5 hobgoblins
  16 jackals
  5 quokkas
  3 goblins
  2 kobolds (D:2)
  4 rats
61 creatures vanquished.

Notes
Turn   | Place    | Note
-------+----------+-------------------------------------------
     0 | D:1      | UberPyro the Octopode Monk began the quest for the Orb.
     0 | D:1      | Reached XP level 1. HP: 16/16 MP: 1/1
    51 | D:1      | Found Uliorraz's Antique Weapon Shop.
   287 | D:1      | Reached XP level 2. HP: 16/21 MP: 2/2
   439 | D:1      | Found a faded altar of an unknown god.
   831 | D:2      | Reached XP level 3. HP: 18/27 MP: 3/3
  1309 | D:2      | Reached XP level 4. HP: 34/34 MP: 4/4
  1329 | D:2      | Gained mutation: You sometimes lose the ability to read
                  | scrolls when taking damage. [potion of mutation]
  1330 | D:2      | Lost mutation: You sometimes lose the ability to read
                  | scrolls when taking damage. [potion of mutation]
  1330 | D:2      | Gained mutation: You are weak. (Str -2) [potion of
                  | mutation]
  1330 | D:2      | Gained mutation: Your body sometimes deteriorates upon
                  | taking damage. [potion of mutation]
  1330 | D:2      | Lost mutation: Your body sometimes deteriorates upon taking
                  | damage. [potion of mutation]
  1330 | D:2      | Gained mutation: You evolve. [potion of mutation]
  1829 | D:3      | Reached XP level 5. HP: 38/38 MP: 5/5
  2468 | D:3      | Found a sacrificial altar of Ru.
  2485 | D:3      | Succumbed to an orc wizard's poison

Illustrated notes

Levels and vault maps discovered:
D:1:      lightli_arrival_windingriver, layout_rooms,
          hellmonk_ecumenical_altar_inner_sanctum, serial_shops, shop,
          minmay_domino_4
D:2:      layout_loops_ring
D:3:      layout_basic, nicolae_ru_great_annihilating_truth,
          minmay_misc_feat_roman

Skill      XL: |  1  2  3  4  5 |
---------------+----------------+-----
Fighting       | 4 |  4.9
Stealth        | 3 4 |  4.5
Dodging        | |  3.0
Unarmed Combat | |  3.5

Action                   |  1- 3 |  4- 6 || total
-------------------------+-------+-------++-------
Melee: Unarmed           |    67 |    61 ||   128
       Tentacles         |    22 |     7 ||    29
       Constrict         |    22 |    15 ||    37
       Punch             |     3 |     1 ||     4
  Use: Scroll            |     1 |     4 ||     5
       Potion            |       |     2 ||     2
 Stab: Sleeping          |    12 |     3 ||    15
Armor: Skin              |     2 |     2 ||     4
Dodge: Dodged            |    34 |    29 ||    63
